 Dungeon Crawl Stone Soup version 0.19-a0-27-g415f530 (webtiles) character file.

19 M4edhros the Grave Robber (level 2, 0/17 HPs)
             Began as an Octopode Necromancer on May 1, 2016.
             Was an Initiate of Cheibriados.
             Slain by a jackal (3 damage)
             ... on level 5 of the Dungeon.
             The game lasted 00:01:59 (417 turns).

M4edhros the Grave Robber (Octopode Necromancer)     Turns: 417, Time: 00:02:00

Health: 0/17       AC:  1    Str:  6 (8)  XL:     2   Next: 75%
Magic:  5/5        EV:  9    Int: 16 (18) God:    Cheibriados [......]
Gold:   16         SH:  6    Dex: 11 (13) Spells: 1 memorised, 4 levels left

rFire  . . .     SeeInvis .       - Unarmed
rCold  . . .     Gourm    .     d - +0 shield
rNeg   . . .     Faith    .     (helmet restricted)
rPois  .         Spirit   .     (no amulet)
rElec  .         Dismiss  .     (no ring)
rCorr  .         Reflect  .     (no ring)
SustAt .         Harm     .     (no ring)
MR     .....                    (no ring)
Stlth  +++.......               (no ring)
                                (no ring)
                                (no ring)
                                (no ring)

@: slow, not resistant to hostile enchantments, fairly stealthy
A: almost no armour, amphibious, 8 rings, constrict 8, camouflage 1, gelatinous
body 1
a: Bend Time, Renounce Religion


You were on level 5 of the Dungeon.
You worshipped Cheibriados.
Cheibriados was noncommittal.
You were not hungry.

You visited 2 branches of the dungeon, and saw 6 of its levels.

You collected 70 gold pieces.
You spent 54 gold pieces at shops.

Inventory:

Armour
 d - a +0 shield (worn)
Scrolls
 c - a scroll of identify {unknown}
 e - a scroll of fear {unknown}
 f - a scroll of fog {unknown}
Books
 a - a book of Necromancy

   Spells                             Type                      Level
   a - Pain                           Necromancy                   1
   b - Animate Skeleton               Necromancy                   1
   c - Vampiric Draining              Necromancy                   3
   d - Regeneration                   Charms/Necromancy            3
   e - Animate Dead                   Necromancy                   4
   f - Control Undead                 Necromancy                   4
Comestibles
 b - 2 bread rations


   Skills:
 - Level 2.0 Dodging
 - Level 2.6 Stealth
 + Level 2.2 Unarmed Combat
 - Level 2.0 Spellcasting
 - Level 4.0 Necromancy


You had 4 spell levels left.
You knew the following spells:

 Your Spells              Type           Power        Failure   Level  Hunger
a - Pain                  Necr           ##..         28%         1    #......


Dungeon Overview and Level Annotations

Branches:
Dungeon (5/15)             Temple (1/1) D:5

Altars:
Cheibriados
Dithmenos
Elyvilon
Fedhas
Kikubaaqudgha
Makhleb

Shops:
D:5 [


Innate Abilities, Weirdness & Mutations

You cannot wear most types of armour.
You are amphibious.
You can wear up to eight rings at the same time.
You can use your tentacles to constrict eight enemies at once.
Your skin changes colour to match your surroundings (Stealth).
Your rubbery body absorbs attacks (AC +1).


Message History

You constrict the jackal, but do no damage.
You block the jackal's attack. The jackal bites you.
You tentacle-slap the jackal but do no damage.
The jackal is heavily wounded.
You constrict the jackal.
You kill the jackal!
Cheibriados appreciates the change of pace.
You swing at nothing.
The jackal closely misses you.
You tentacle-slap the jackal but do no damage.
Your grab misses the jackal. The jackal bites you.
You barely miss the jackal. Your grab misses the jackal. You miss the jackal.
Your grab misses the jackal. You barely miss the jackal.
Your grab misses the jackal. The jackal bites you.
You block the jackal's attack.
You closely miss the jackal. You grab the jackal.
You constrict the jackal, but do no damage.
The jackal bites you.
* * * LOW HITPOINT WARNING * * *
The jackal closely misses you. The jackal bites you.
You die...

#.#.....#.#....>.
#.#........##... ##
#∩#............
+.###.#........ #.# #
#.....#.....#.###.##.#.##
##.#.8.##.###...........#
#................##.##.
##.8.>.8#.#######h##!#
>.........# #..@h...#
...#.8.#............##
...............##.#.#
.######.#...#####.#.# .#
##.#.## #.... .# #..#
#..... .# #.# ##...#. .#
.# #.#


You could see 2 jackals.

Vanquished Creatures
  A shadow imp (D:5)
  2 giant geckos
  A bat (D:1)
  2 hobgoblins
  A jackal (D:5)
  A giant newt (D:1)
  A kobold (D:2)
9 creatures vanquished.

Notes
Turn   | Place    | Note
--------------------------------------------------------------
     0 | D:1      | M4edhros the Octopode Necromancer began the quest for the Orb.
     0 | D:1      | Reached XP level 1. HP: 11/11 MP: 3/3
    62 | D:1      | Reached skill level 1 in Unarmed Combat
   139 | D:2      | Reached XP level 2. HP: 11/17 MP: 0/5
   227 | D:4      | Noticed a slave
   228 | D:4      | Noticed a slave
   278 | D:5      | Entered Level 5 of the Dungeon
   301 | D:5      | Found a staircase to the Ecumenical Temple.
   310 | D:5      | Found Ahim's Armour Shop.
   315 | Temple   | Entered the Ecumenical Temple
   349 | Temple   | Became a worshipper of Cheibriados the Contemplative
   384 | D:5      | Bought a +0 shield for 54 gold pieces
   417 | D:5      | Slain by a jackal

Vault maps used:
D:1:      dpeg_arrival_rhombus, minmay_rat_gold_closets
D:3:      old_standard_altar, first_bread, ecumenical_altar_2,
          minmay_strange_pillars, cheibrodos_gnoll_hut
D:4:      grunt_pakellas_mercury, serial_shops,
          nicolae_shop_competitors_out_of_business, st_stairs_9,
          glass_columns_a, uniq_pikel
D:5:      lemuel_ratsnest, minmay_temple_entry_statues_pillars, serial_shops,
          shop, kennysheep_mini_moat, nicolae_shop_trees, shop,
          minmay_bad_closet, fedhas_altar_2
Temple:   oiseaux_autumnal_temple_12

Skill      XL: |  1  2 |
---------------+-------+-----
Unarmed Combat | 1 2 |  2.2
Dodging        | |  2.0
Stealth        | |  2.6
Spellcasting   | |  2.0
Necromancy     | |  4.0

Action                   || total
-------------------------++-------
Melee: Unarmed           ||    21
       Constrict         ||     5
       Tentacles         ||     2
 Cast: Pain              ||     8
  Use: Potion            ||     2
 Stab: Sleeping          ||     1
Dodge: Dodged            ||    13
Block: Shield            ||     2
